 Dungeon Crawl Stone Soup version 0.28-a0-726-g4a9143789a (webtiles) character file.

Game seed: 4289894051561392838

60313 jasper the Impaler (level 14, 0/135 HPs)
             Began as a Demonspawn Artificer on Oct 28, 2021.
             Was the Champion of Trog.
             Shot with an arrow by a deep elf archer (16 damage)
             ... on level 2 of the Orcish Mines.
             The game lasted 00:45:38 (29501 turns).

jasper the Impaler (Demonspawn Artificer)          Turns: 29501, Time: 00:45:39

Health: 0/135      AC: 26    Str: 18    XL:     14   Next: 56%
Magic:  14/14      EV:  6    Int: 18    God:    Trog [******]
Gold:   1890       SH:  0    Dex: 14    Spells: 13/13 levels left

rFire   + . .      SeeInvis .   o - +5 scythe "Finisher" {speed, eviscerate}
rCold   + . .      Faith    +   (shield currently unavailable)
rNeg    + + .      Spirit   .   G - +2 plate armour {rN+}
rPois   .          Reflect  .   r - +2 helmet
rElec   .          Harm     .   j - +1 cloak
rCorr   .          Rampage  .   p - +0 pair of gloves
Will    +++..                   (boots unavailable)
Stlth   ..........              L - amulet of faith
HPRegen 1.32/turn               Z - ring "Ylej" {rF+ rC+ Int+6}
MPRegen 0.14/turn               X - ring of positive energy

@: strong-willed, regenerating, slowed, studying Long Blades, very slow
A: hooves 3, thin metallic scales 2, foul stench 2, robust 1, spiny 2
a: Renounce Religion, Berserk, Trog's Hand, Brothers in Arms


You were on level 2 of the Orcish Mines.
You worshipped Trog.
Trog was exalted by your worship.
You visited 3 branches of the dungeon, and saw 20 of its levels.
You visited 1 bazaar.
You also visited: Ice Cave.

You collected 4314 gold pieces.
You spent 2424 gold pieces at shops.

Inventory:

Hand Weapons
 b - a +0 trident of flaming
 o - the +5 scythe "Finisher" (weapon) {speed, eviscerate}
   (You found it on level 2 of the Lair of Beasts)

   Attacks with this weapon are significantly faster.
   It may eviscerate those it strikes, slaying them instantly, with a decreasing
   chance against stronger foes.
 y - a +3 antimagic bardiche
Missiles
 f - 151 bolts
 h - 569 stones (quivered)
 t - 7 curare-tipped darts
 E - 2 throwing nets
Armour
 j - a +1 cloak (worn)
 p - a +0 pair of gloves (worn)
 r - a +2 helmet (worn)
 D - a +0 pair of boots
 G - a +2 plate armour of positive energy (worn)
 O - +0 acid dragon scales
Jewellery
 g - a ring of protection from cold
 J - a ring of protection from fire
 L - an amulet of faith (around neck)
 M - a ring of willpower
 N - a +4 ring of protection
 W - an amulet of regeneration
 X - a ring of positive energy (right hand)
 Z - the ring "Ylej" (left hand) {rF+ rC+ Int+6}
   (You found it in an ice cave)

   [ring of intelligence]

   Int:       It affects your intelligence (+6).
   rF:        It protects you from fire.
   rC:        It protects you from cold.
Wands
 d - a wand of charming (4)
 n - a wand of flame (25)
 q - a wand of acid (11)
 s - a wand of digging (5)
 x - a wand of mindburst (23)
 Q - a wand of paralysis (8)
 S - a wand of polymorph (31)
Scrolls
 w - 5 scrolls of identify
 B - 8 scrolls of teleportation
 C - a scroll of blinking
 H - 4 scrolls of fear
 I - 5 scrolls of fog
 P - 2 scrolls of enchant weapon
 T - 3 scrolls of enchant armour
 U - 3 scrolls of magic mapping
 Y - a scroll of silence
Potions
 a - 2 potions of magic
 c - 2 potions of cancellation
 i - 3 potions of heal wounds
 l - a potion of invisibility
 m - 6 potions of flight
 u - 4 potions of lignification
 v - 5 potions of curing
 z - a potion of might
 A - a potion of resistance
 F - a potion of berserk rage
 K - 2 potions of ambrosia
 R - 2 potions of brilliance
 V - a potion of haste
Miscellaneous
 e - a piece from Xom's chessboard (15/15)
 k - a lightning rod (4/4)


   Skills:
 - Level 15.0 Fighting
 + Level 15.7 Polearms
 - Level 10.0 Armour
 - Level 0.8 Dodging
 - Level 0.8 Stealth
 - Level 8.0 Evocations


You had 13 spell levels left.
You didn't know any spells.
Your spell library contained the following spells:

 Spells                   Type           Power      Damage    Failure   Level
 Apportation              Tloc           0%         N/A       99%         1


Dungeon Overview and Level Annotations

Branches:
Dungeon (12/15)            Temple (0/1) D:5            Lair (6/6) D:10
 Shoals (0/4) Lair:3       Spider (0/4) Lair:2        Slime (0/5) Lair:5
    Orc (2/2) D:9             Elf (0/3) Orc:2         IceCv (visited)

Altars:
Ashenzari
Cheibriados
Dithmenos
Elyvilon
Fedhas
Gozag
Kikubaaqudgha
Makhleb
Nemelex Xobeh
Okawaru
Sif Muna
Trog
Uskayaw
Vehumet
Wu Jian
Xom
Zin
Beogh

Shops:
D:4 =   Orc:1 *   Orc:2 [(*?

Portals:
Abyss: Lair:3

Annotations:
Lair:3 2 transporters, Esoa's ghost, journeyman DsMo
Lair:4 exclusion: 3 oklob plants
Lair:5 1 runed translucent door


Innate Abilities, Weirdness & Mutations

You have hooves in place of feet.
You are mostly covered in thin metallic scales. (AC +3)
You sometimes emit foul miasma when damaged in melee.
You are robust. (+10% HP)
You are mostly covered in sharp spines.


Message History

You feel much better.
The red devil hits you but does no damage.
The orc high priest is engulfed in dark miasma.
The orc high priest looks as sick as possible!
You kill the orc high priest!
Trog accepts your kill.
The red devil disappears in a puff of smoke!
You regained 25 hp, and now have 67/135 hp.
The barbs in your skin will harm you if you move.
Continue?
Okay, then.
Reach: o) +5 scythe "Finisher" {speed, eviscerate}
Press: ? - help, Dir - move target, f - deep elf pyromancer
Aim: a deep elf pyromancer, wielding a +0 short sword (purple smoke, about 37% to evade the +5 scythe "Finisher")
You reach to attack!
You slash the deep elf pyromancer!
You blow up the deep elf pyromancer!
Trog accepts your kill.
Trog appreciates your killing of a magic user.
You carefully extract the barbed spikes from your body.
The deep elf archer gestures at you while chanting.
You resist with almost no effort.
Reach: o) +5 scythe "Finisher" {speed, eviscerate}
Press: ? - help, Dir - move target, f - deep elf zephyrmancer
Aim: a deep elf zephyrmancer, wielding a +0 rapier and wearing a +0 leather armour (about 36% to evade the +5 scythe "Finisher")
You reach to attack!
You slash the deep elf zephyrmancer!
The deep elf zephyrmancer is moderately wounded.
The deep elf zephyrmancer gestures at you while chanting.
The bolt of lightning hits you!!
The deep elf archer shoots an arrow.
The arrow hits you!
* * * LOW HITPOINT WARNING * * *
The deep elf zephyrmancer casts a spell.
The deep elf zephyrmancer blinks!
The deep elf archer shoots an arrow.
The arrow hits you!
* * * LOW HITPOINT WARNING * * *
You take 54 damage, and have 14/135 hp.
MASSIVE DAMAGE!!
Aiming: Paralyse
Press: ? - help, Shift-Dir - straight line, f - deep elf archer
Aim: a deep elf archer, wielding a +0 shortbow, wearing a +0 leather armour and quivering arrows (repelling missiles, chance to affect: 19%)
The deep elf archer resists with almost no effort.
The deep elf archer shoots an arrow.
The arrow hits you!
You die...

#.
g...###.#
#e .).#.
#.# #. .§$.
#.# . ..e
#.# .#.e#
#.# #h..#
#.# #...#
#.#
#§#######.#
#.)@..e...#
###########


You could see a deep elf archer (repels missiles).

Vanquished Creatures
  Saint Roka (Orc:2)
  2 orc warlords
  A boulder beetle (Lair:2)
  A hydra (Lair:5)
  8 two-headed ogres
  8 death yaks
  An orc high priest (Orc:2)
  Sonja (D:10)
  A bog body (IceCv)
  A deep elf pyromancer (Orc:2)
  2 deep elf zephyrmancers (Orc:2)
  2 orc knights
  An ugly thing (D:12)
  4 cyclopes
  5 orc sorcerers
  Maurice (Orc:2)
  5 black mambas
  An ice statue (IceCv)
  9 cane toads
  A gargoyle (D:12)
  A torpor snail (Lair:3)
  A kobold demonologist (D:12)
  3 komodo dragons
  An entropy weaver simulacrum (IceCv)
  2 anaconda simulacra (IceCv)
  A hornet (D:8)
  4 trolls
  15 blink frogs
  2 polar bears
  Prince Ribbit (D:6)
  2 slime creatures (Lair:5)
  12 dream sheep
  A snapping turtle (Lair:3)
  Sigmund (D:5)
  2 shadows
  3 wyverns
  31 yaks
  3 vampire mosquitoes (D:12)
  2 basilisks
  2 steam dragons
  Menkaure (D:6)
  7 wargs
  2 harpy simulacra (IceCv)
  11 water moccasins
  An acid dragon (D:9)
  A hornet zombie (D:5)
  A sky beast (D:8)
  2 black bears
  44 orc warriors
  An ice beast (D:8)
  A necrophage (D:4)
  15 wolves
  6 ogres
  3 centaurs (D:11)
  2 kobold brigands
  12 bullfrogs
  6 scorpions
  A wyvern zombie (D:6)
  2 gnoll sergeants
  A cane toad simulacrum (IceCv)
  9 two-headed ogre simulacra (IceCv)
  2 water moccasin zombies
  2 water moccasin skeletons (D:5)
  2 elephant simulacra (IceCv)
  4 wights (D:10)
  3 killer bees (D:9)
  A howler monkey (D:5)
  2 electric eels (Lair:5)
  3 crimson imps (D:10)
  2 centaur zombies
  3 bullfrog zombies (D:5)
  5 jellies
  20 orc priests
  2 centaur skeletons
  3 hounds
  Crazy Yiuf (D:4)
  4 bullfrog skeletons
  5 iguanas
  33 orc wizards
  A polar bear simulacrum (IceCv)
  2 scorpion zombies (D:5)
  2 spriggan simulacra (IceCv)
  7 troll simulacra (IceCv)
  3 wolf simulacra (IceCv)
  2 hound zombies (D:5)
  A hound skeleton (D:5)
  A howler monkey zombie (D:6)
  5 adders
  16 gnolls
  5 naga simulacra (IceCv)
  5 white imps
  10 ufetubi
  5 worms
  5 dart slugs
  111 orcs
  4 ball pythons (D:1)
  6 endoplasms
  5 giant cockroaches
  10 goblins
  7 hobgoblins
  2 quokkas
  6 bats
  2 frilled lizards
  11 kobolds
  4 rats
610 creatures vanquished.

Vanquished Creatures (collateral kills)
  The ghost of RepHenryClay the Blocker, a journeyman TrFi of Makhleb (Lair:2)
  A minotaur (Lair:2)
  A hydra (Lair:2)
  A death yak (D:10)
  A bog body (IceCv)
  A black mamba (Lair:2)
  A bullfrog (Lair:2)
  An orc priest (D:4)
  An orc (D:5)
9 creatures vanquished.

Vanquished Creatures (others)
  A yak (Lair:6)
  2 orc wizards
  2 gnolls (D:2)
  A ball python (D:2)
  12 fungi
  29 plants
  2 withered plants (D:5)
49 creatures vanquished.

Grand Total: 668 creatures vanquished

Notes
Turn   | Place    | Note
-------+----------+-------------------------------------------
     0 | D:1      | jasper the Demonspawn Artificer began the quest for the
                  | Orb.
     0 | D:1      | Reached XP level 1. HP: 15/15 MP: 1/1
   272 | D:1      | Gained mutation: You may rarely emit foul miasma when
                  | damaged in melee. [demonic ancestry]
   272 | D:1      | Reached XP level 2. HP: 22/22 MP: 2/2
  1079 | D:1      | Found a faded altar of an unknown god.
  1126 | D:1      | Gained mutation: You are partially covered in thin metallic
                  | scales. (AC +2) [demonic ancestry]
  1126 | D:1      | Reached XP level 3. HP: 24/29 MP: 3/3
  2778 | D:2      | Reached XP level 4. HP: 37/37 MP: 4/4
  3062 | D:3      | Found an ancient bone altar of Kikubaaqudgha.
  3065 | D:3      | Found a blossoming altar of Fedhas.
  3205 | D:3      | Reached skill level 1 in Polearms
  3424 | D:3      | Found a shimmering blue altar of Sif Muna.
  3432 | D:3      | Got Sif Muna's Grimoire of Orientation
  3472 | D:3      | Found a bloodstained altar of Trog.
  3478 | D:3      | Became a worshipper of Trog the Wrathful
  3634 | D:3      | Gained mutation: You are mostly covered in thin metallic
                  | scales. (AC +3) [demonic ancestry]
  3634 | D:3      | Reached XP level 5. HP: 39/43 MP: 5/5
  3851 | D:3      | Found a radiant altar of Vehumet.
  4136 | D:4      | Noticed a necrophage
  4147 | D:4      | Killed a necrophage
  4148 | D:4      | Reached XP level 6. HP: 46/50 MP: 6/6
  4254 | D:4      | Reached skill level 5 in Fighting
  4924 | D:4      | Reached * piety under Trog
  5088 | D:4      | Gained mutation: You are partially covered in sharp spines.
                  | [demonic ancestry]
  5088 | D:4      | Reached XP level 7. HP: 56/56 MP: 7/7
  5200 | D:4      | Found Woqywe's Jewellery Shop.
  5250 | D:4      | Found a runed translucent door.
  5251 | D:4      | Noticed Crazy Yiuf
  5535 | D:4      | Killed Crazy Yiuf
  5779 | D:5      | Entered Level 5 of the Dungeon
  5867 | D:5      | Reached skill level 5 in Polearms
  6185 | D:5      | Gained mutation: You have large cloven feet. [demonic
                  | ancestry]
  6185 | D:5      | Reached XP level 8. HP: 59/65 MP: 8/8
  6307 | D:5      | Found a staircase to the Ecumenical Temple.
  6631 | D:5      | Reached ** piety under Trog
  6815 | D:5      | Noticed Sigmund
  6839 | D:5      | Killed Sigmund
  7386 | D:6      | Noticed Menkaure
  7393 | D:6      | Killed Menkaure
  7394 | D:6      | Gained mutation: You are mostly covered in sharp spines.
                  | [demonic ancestry]
  7394 | D:6      | Reached XP level 9. HP: 66/72 MP: 9/9
  7469 | D:6      | Noticed Prince Ribbit
  7491 | D:6      | Killed Prince Ribbit
  8613 | D:7      | Reached *** piety under Trog
  8999 | D:7      | Found a runed translucent door.
 10043 | D:8      | Reached skill level 10 in Polearms
 10061 | D:8      | Gained mutation: You sometimes emit foul miasma when
                  | damaged in melee. [demonic ancestry]
 10061 | D:8      | Reached XP level 10. HP: 53/83 MP: 10/10
 10465 | D:8      | Noticed a two-headed ogre
 10482 | D:8      | Killed a two-headed ogre
 10631 | D:8      | Noticed a cyclops
 10664 | D:8      | Killed a cyclops
 10893 | D:8      | Identified a scroll of acquirement
 10893 | D:8      | Acquired 748 gold pieces
 10964 | D:4      | Bought a ring of protection from fire for 275 gold pieces
 10964 | D:4      | Bought a ring of willpower for 275 gold pieces
 10964 | D:4      | Bought a +4 ring of protection for 396 gold pieces
 11151 | D:8      | Found an opulent altar of Gozag.
 11152 | D:8      | Found a sparkling altar of Nemelex Xobeh.
 11256 | D:8      | Noticed a two-headed ogre
 11265 | D:8      | Killed a two-headed ogre
 11266 | D:8      | Reached skill level 10 in Fighting
 11370 | D:9      | Found an ornate altar of the Wu Jian Council.
 11370 | D:9      | Found a hide-covered altar of Uskayaw.
 11375 | D:9      | Found a snail-covered altar of Cheibriados.
 11409 | D:9      | Found an iron altar of Okawaru.
 11409 | D:9      | Found a shadowy altar of Dithmenos.
 11410 | D:9      | Found a broken altar of Ashenzari.
 11438 | D:8      | Reached **** piety under Trog
 12119 | D:9      | Gained mutation: You have hoof-like feet. [demonic
                  | ancestry]
 12119 | D:9      | Reached XP level 11. HP: 67/92 MP: 11/11
 12355 | D:9      | Acquired 449 gold pieces
 12629 | D:9      | Found a burning altar of Makhleb.
 12630 | D:9      | Noticed a blizzard demon
 12630 | D:9      | Noticed an angel
 12749 | D:9      | Found a staircase to the Orcish Mines.
 12850 | D:10     | Entered Level 10 of the Dungeon
 12867 | D:10     | Reached ***** piety under Trog
 13112 | D:10     | Noticed a death yak
 13112 | D:10     | Noticed a death yak
 13112 | D:10     | Found a staircase to the Lair.
 13112 | D:10     | Noticed a death yak
 13112 | D:10     | Noticed a death yak
 13113 | D:10     | Noticed a death yak
 13115 | D:10     | Noticed a death yak
 13128 | D:9      | Killed a death yak
 13412 | D:10     | Noticed a two-headed ogre
 13459 | D:10     | Killed a two-headed ogre
 13531 | D:10     | Noticed a death yak
 13571 | D:10     | Killed a death yak
 13583 | D:10     | Killed a death yak
 13595 | D:10     | Killed a death yak
 13600 | D:10     | Killed a death yak
 13608 | D:10     | Killed a death yak
 13616 | D:10     | Killed a death yak
 13857 | D:10     | Found a shimmering altar of Xom.
 13941 | D:10     | Noticed Sonja
 13943 | D:10     | Killed Sonja
 14218 | D:11     | Noticed a two-headed ogre
 14228 | D:11     | Killed a two-headed ogre
 14259 | D:11     | Found a flickering gateway to a bazaar.
 14268 | Bazaar   | Entered a bazaar
 14268 | Bazaar   | Found Fexu's Book Emporium.
 14268 | Bazaar   | Found Ijahakeg's Magic Scroll Shoppe.
 14395 | Bazaar   | Bought a scroll of teleportation for 21 gold pieces
 14395 | Bazaar   | Bought a scroll of enchant weapon for 52 gold pieces
 14395 | Bazaar   | Bought a scroll of fear for 24 gold pieces
 14401 | Bazaar   | Found Cyiptu's General Store.
 14409 | Bazaar   | Bought a scroll of blinking for 105 gold pieces
 14409 | Bazaar   | Bought a potion of haste for 140 gold pieces
 14418 | Bazaar   | Found Cong's Jewellery Boutique.
 14424 | Bazaar   | Bought an amulet of regeneration for 360 gold pieces
 14433 | Bazaar   | Found Ankauneo's Weapon Shop.
 14484 | D:11     | Found a frozen archway.
 14493 | IceCv    | Entered an ice cave
 15413 | IceCv    | Gained mutation: You are robust. (+10% HP) [demonic
                  | ancestry]
 15413 | IceCv    | Reached XP level 12. HP: 112/112 MP: 12/12
 16186 | IceCv    | Identified the ring "Ylej" {rF+ rC+ Int+6}
 16417 | D:11     | Noticed a two-headed ogre
 16427 | D:11     | Killed a two-headed ogre
 16428 | D:11     | Reached skill level 5 in Evocations
 17485 | D:12     | Noticed a two-headed ogre
 17535 | D:12     | Killed a two-headed ogre
 17536 | D:12     | Reached skill level 5 in Armour
 18149 | D:12     | Noticed a two-headed ogre
 18172 | D:12     | Killed a two-headed ogre
 18296 | Lair:1   | Entered Level 1 of the Lair of Beasts
 18598 | Lair:1   | Identified the +4 fustibalus "Bilu" {flame, Str+3 SInv}
 18729 | Lair:1   | Acquired 1205 gold pieces
 18997 | Lair:1   | Reached ****** piety under Trog
 19487 | Lair:2   | Noticed a boulder beetle
 19507 | Lair:2   | Reached XP level 13. HP: 85/122 MP: 13/13
 19551 | Lair:2   | Found a hole to the Spider Nest.
 19559 | Lair:2   | Noticed RepHenryClay's ghost (journeyman TrFi)
 19559 | Lair:2   | Noticed a minotaur
 19561 | Lair:2   | Found the +5 scythe "Finisher" {speed, eviscerate}
 19720 | Lair:2   | You fall into a shaft and drop 1 floor!
 19911 | Lair:2   | Found a runed translucent gate.
 19911 | Lair:2   | Found a runed translucent gate.
 19911 | Lair:2   | Found a runed translucent gate.
 20527 | Lair:2   | Killed a minotaur
 20534 | Lair:2   | Killed RepHenryClay's ghost
 20944 | Lair:3   | Found a transporter.
 21010 | Lair:3   | Found a transporter.
 21205 | Lair:3   | Found a staircase to the Shoals.
 21406 | Lair:3   | Found a one-way gate to the infinite horrors of the Abyss.
 21406 | Lair:3   | Noticed Esoa's ghost (journeyman DsMo)
 21659 | Lair:4   | Received a gift from Trog
 23448 | Lair:5   | Found a staircase to the Slime Pits.
 24886 | Lair:5   | Found a runed translucent door.
 24886 | Lair:5   | Found the +8 whip "Snakebite" {venom, curare, rPois}
 24899 | Lair:5   | Received a gift from Trog
 25170 | Lair:6   | Entered Level 6 of the Lair of Beasts
 26081 | Lair:5   | Gained mutation: You have hooves in place of feet. [demonic
                  | ancestry]
 26081 | Lair:5   | Reached XP level 14. HP: 46/133 MP: 14/14
 26543 | Orc:1    | Entered Level 1 of the Orcish Mines
 26921 | Orc:1    | Found Emmes's Overcharged Wands.
 27103 | Orc:1    | Noticed an orc warlord
 27105 | Orc:1    | Received a gift from Trog
 27434 | Orc:1    | Killed an orc warlord
 27760 | Orc:2    | Entered Level 2 of the Orcish Mines
 27811 | Orc:2    | Reached skill level 15 in Fighting
 27825 | Orc:2    | Noticed Maurice
 27832 | Orc:2    | Killed Maurice
 27833 | Orc:2    | Reached skill level 15 in Polearms
 27973 | Orc:2    | Noticed Saint Roka
 27993 | Orc:2    | Killed Saint Roka
 28092 | Orc:2    | Found a staircase to the Elven Halls.
 28472 | Orc:2    | Noticed an orc warlord
 28475 | Orc:2    | Killed an orc warlord
 28503 | Orc:2    | Found Geupneg's Antique Armour Emporium.
 28507 | Orc:2    | Found Kotz's Antique Weapon Shoppe.
 28660 | Orc:2    | Reached skill level 10 in Armour
 28677 | Orc:2    | Found Moffei Lotac's General Store.
 28865 | Orc:2    | Bought a wand of digging (5) for 288 gold pieces
 29176 | Orc:2    | Found Nocog's Magic Scroll Emporium.
 29182 | Orc:2    | Bought a scroll of teleportation for 48 gold pieces
 29182 | Orc:2    | Bought a scroll of enchant armour for 120 gold pieces
 29182 | Orc:2    | Bought a scroll of blinking for 120 gold pieces
 29182 | Orc:2    | Bought a scroll of fog for 32 gold pieces
 29182 | Orc:2    | Bought 3 scrolls of magic mapping for 168 gold pieces
 29501 | Orc:2    | Shot with an arrow by a deep elf archer

Illustrated notes

Levels and vault maps discovered:
D:1:      minmay_arrival_open_corners, layout_loops_cross,
          hellmonk_ecumenical_altar_inner_sanctum, chequers_arboretum
D:2:      layout_loops_cross
D:3:      layout_rooms, nzn_overflow_gifts_of_might_and_magic,
          grunt_temple_overflow_growth_and_decay,
          mainiacjoe_overflow_surrounded_room
D:4:      layout_cave_pods, serial_shops, kennysheep_little_box,
          serial_column_ruins, column_ruins_hut_pillars,
          column_ruins_square_small, column_ruins_grid_3, column_ruins_grid_3,
          column_ruins_grid_1, column_ruins_open_medium, column_ruins_grid_1,
          chequers_serial_rivers_room_b, minmay_misc_feat_plants,
          abandoned_shop, kennysheep_generic_room_13, uniq_crazy_yiuf_cottage
D:5:      layout_basic, minmay_temple_entry_tees, serial_undead,
          serial_undead_e, serial_undead_a, serial_undead_f, serial_undead_d,
          serial_undead_c, serial_undead_e, uniq_sigmund
D:6:      layout_cave_pools, uniq_menkaure, uniq_prince_ribbit1
D:7:      layout_cave_pools, lightli_church_of_beogh
D:8:      layout_basic, grunt_temple_overflow_opulence
D:9:      layout_basic, grunt_temple_overflow_open,
          grunt_temple_overflow_order_and_chaos_2, david_orc_4,
          due_unseen_surprise
D:10:     layout_irregular_city, led_xom_imps, dpeg_lair_monsters, uniq_sonja
D:11:     layout_loops_ring, portal_ice_cave_entry_pillars_1, serial_shops,
          freezing_bzr
D:12:     layout_roguey, serial_co_window_serial, co_window_paths_b,
          co_window_paths_b, co_window_paths_a, co_window_paths_b,
          co_window_of_opportunity_a, co_window_paths_a, co_window_paths_a,
          co_window_corner_a, co_window_corner_a, co_window_unsneaky_path_e,
          co_window_of_opportunity_c, co_window_broadway_a,
          co_window_of_opportunity_b, co_window_of_opportunity_b,
          co_window_4corner_b, glass_columns_a, glass_columns_a, glass_columns_c
Lair:1:   layout_chaotic_city, basic_altar, chequers_serial_rivers_small_3
Lair:2:   layout_loops_ring, nicolae_spider_entry_non_spiders,
          maelrawn_ghost_gauntlet_escape, minivault_25
Lair:3:   layout_concentric_octagons, minmay_shoals_entry_hut,
          gammafunk_ghost_abyssal_escape, minmay_stone_trees_small,
          infiniplex_staircase_pool_2
Lair:4:   minmay_lair_oklob_chamber, layout_cave_pods, grunt_megastairs_1,
          infiniplex_staircase_pool
Lair:5:   gammafunk_indiana_jones, layout_regular_city,
          minmay_slime_entry_pillars, serial_bayou_shore_a
Lair:6:   hangedman_lair_caniforms_friends, layout_small_grid,
          hangedman_lair_tendril_chambers, chequers_serial_rivers_marsh,
          guppyfry_lair_drakes, serial_bayou_shore_b, uniq_nessos
Orc:1:    layout_caves, nicolae_shop_overcharged_wands
Orc:2:    grunt_orc_community_town_hall, layout_caves,
          grunt_orc_community_big_house_2, grunt_orc_community_big_house_2,
          grunt_orc_community_house_3, grunt_orc_community_house_3,
          grunt_orc_community_house_1, grunt_orc_community_house_1,
          grunt_orc_community_house_1, grunt_orc_community_house_1, elf_legates,
          uniq_maurice, uniq_saint_roka

Skill      XL: |  1  2  3  4  5  6  7  8  9 10 11 12 13 14 |
---------------+-------------------------------------------+-----
Fighting       | 2 3 4 5 6 7 9 10 11 13 14 15 | 15.0
Polearms       | 2 3 4 6 8 10 12 14 15 | 15.7
Armour         | 2 6 8 10 | 10.0
Evocations     | 7 8 |  8.0
Dodging        | |  0.8
Stealth        | |  0.8

Action                   |  1- 3 |  4- 6 |  7- 9 | 10-12 | 13-15 || total
-------------------------+-------+-------+-------+-------+-------++-------
Melee: Club              |    91 |       |       |       |       ||    91
       Spear             |    41 |   180 |   283 |       |       ||   504
       Flail             |     5 |     8 |       |       |       ||    13
       Short sword       |     1 |       |       |       |       ||     1
       Kick              |       |       |    34 |       |    54 ||    88
       Halberd           |       |       |    76 |   537 |    44 ||   657
       Trident           |       |       |       |   161 |     3 ||   164
       Scythe            |       |       |       |       |   468 ||   468
Throw: Stone             |    55 |    22 |    27 |    12 |    12 ||   128
Invok: Berserk           |       |       |     3 |    14 |     2 ||    19
       Trog's Hand       |       |       |       |     7 |     4 ||    11
       Brothers in Arms  |       |       |       |     2 |     2 ||     4
Evoke: Wand              |     7 |     9 |    18 |     3 |    13 ||    50
       Lightning rod     |       |       |       |       |     4 ||     4
  Use: Scroll            |     1 |     4 |    10 |    12 |     5 ||    32
       Potion            |       |     1 |     5 |     4 |     1 ||    11
 Stab: Sleeping          |     1 |       |       |       |       ||     1
       Paralysed         |       |       |    17 |       |       ||    17
       Invisible         |       |       |       |     4 |       ||     4
       Distracted        |       |       |       |     1 |       ||     1
Armor: Leather armour    |    43 |       |       |       |       ||    43
       Chain mail        |       |   110 |   157 |    55 |       ||   322
       Acid dragon scale |       |       |       |   175 |   175 ||   350
       Plate armour      |       |       |       |       |    44 ||    44
Dodge: Dodged            |    88 |    32 |    45 |   179 |   145 ||   489

Table legend: (Time is in decaauts)
 A = Elapsed time spent in this place.
 B = Non-inter-level travel time spent in this place.
 C = Inter-level travel time spent in this place.
 D = Time resting spent in this place.
 E = Time spent auto-exploring this place.
 F = Levels seen in this place.
 G = Mean time per level.
                   A        B        C        D        E       F      G
               +--------+--------+--------+--------+--------+-----+--------+
         Total |  29450 |  28101 |   1349 |   9218 |  14066 |  22 | 1338.6 |
       Dungeon |  17111 |  16137 |    974 |   5064 |   8140 |  12 | 1425.9 |
          Lair |   8146 |   7803 |    343 |   2716 |   4143 |   6 | 1357.7 |
  Orcish Mines |   2347 |   2315 |     32 |    335 |   1397 |   2 | 1173.5 |
        Bazaar |    191 |    191 |      0 |      0 |    182 |   1 |  191.0 |
      Ice Cave |   1653 |   1653 |      0 |   1101 |    204 |   1 | 1653.0 |
               +--------+--------+--------+--------+--------+-----+--------+

Top non-repeatable levels by time:
  Lair:5: 2910 daAuts
     D:9: 2299 daAuts
     D:7: 2208 daAuts
     D:4: 1789 daAuts
  Lair:4: 1779 daAuts
   Orc:2: 1703 daAuts
   IceCv: 1653 daAuts
     D:2: 1558 daAuts
     D:1: 1497 daAuts
    D:12: 1427 daAuts
     D:5: 1353 daAuts
     D:8: 1290 daAuts
  Lair:2: 1235 daAuts
  Lair:1: 1106 daAuts
    D:10: 1100 daAuts
